 Seeded DCSS version 0.30-a0-860-g512cf1e979 (webtiles) character file.

Game seed: 6553986166761614901 (custom seed)

109 drewk1942 the Ruffian (level 4, 0/45 HPs)
             Began as a Troll Fighter on Mar 7, 2023.
             Slain by a hobgoblin (5 damage)
             ... led by Robin
             ... on level 3 of the Dungeon.
             The game lasted 00:03:16 (1534 turns).

drewk1942 the Ruffian (Troll Fighter)               Turns: 1534, Time: 00:03:17

Health: 0/45       AC:  4    Str: 26    XL:     4   Next: 59%
Magic:  3/3        EV:  8    Int:  4    God:
Gold:   160        SH:  7    Dex:  9    Spells: 3/3 levels left

rFire   . . .      SeeInvis .      - Unarmed
rCold   + . .      Faith    .    b - +0 kite shield
rNeg    . . .      Spirit   .    a - +0 robe
rPois   .          Reflect  .    (helmet restricted)
rElec   .          Rampage  .    (no cloak)
rCorr   .                        (gloves unavailable)
Will    .....                    (boots unavailable)
Stlth   +                        (no amulet)
HPRegen 1.07/turn                m - ring of protection from cold
MPRegen 0.08/turn                (no ring)

@: mighty, attractive
A: large, unfitting armour, claws 3, regeneration 1, shaggy fur 1, tough skin 1
a: no special abilities


You were on level 3 of the Dungeon.
You visited 1 branch of the dungeon, and saw 3 of its levels.

You collected 160 gold pieces.

Inventory:

Missiles
 e - 6 datura-tipped darts
 p - 3 silver boomerangs (quivered)
Armour
 a - a +0 robe (worn)
 b - a +0 kite shield (worn)
Jewellery
 m - a ring of protection from cold (left claw)
Scrolls
 d - 2 scrolls of fear {unknown}
 j - 2 scrolls of identify {unknown}
 l - a scroll of blinking {unknown}
 n - a scroll of noise {unknown}
 o - a scroll of magic mapping {unknown}
Potions
 c - 2 potions of might
 f - a potion of lignification {unknown}
 g - 2 potions of attraction
 h - a potion of mutation {unknown}
 i - a potion of haste {unknown}
 k - a potion of flight {unknown}
 q - a potion of curing {unknown}
 r - a potion of brilliance {unknown}


   Skills:
 + Level 3.0 Fighting
 + Level 2.9 Dodging
 + Level 3.2 Shields
 * Level 3.4 Unarmed Combat


You had 3 spell levels left.
You didn't know any spells.
Your spell library contained the following spells:

 Spells                   Type           Power      Damage    Failure   Level
 Beastly Appendage        Tmut           0%         N/A       80%         1
 Wereblood                Tmut           0%         N/A       90%         2
 Inner Flame              Hex/Fire       0%         N/A       99%         3
 Spider Form              Tmut/Pois      0%         N/A       99%         3
 Stone Arrow              Conj/Erth      0%         3d7       99%         3
 Animate Armour           Summ/Erth      0%         N/A       100%        4
 Cause Fear               Hex            0%         N/A       100%        4
 Discord                  Hex            0%         N/A       100%        8
 Lehudib's Crystal Spear  Conj/Erth      0%         10d2      100%        8


Dungeon Overview and Level Annotations

Branches:
Dungeon (3/15)

Altars:

Shops:
D:1 ((!=[


Innate Abilities, Weirdness & Mutations

You are too large for most types of armour.
You have claws for hands.
Your natural rate of healing is unusually fast.
You are covered in fur. (AC +1)
You have tough skin. (AC +1)


Message History

The hobgoblin no longer looks unusually strong.
The goblin barely misses you. You block the goblin's attack.
The goblin hits you with a +0 club. Robin throws the goblin at you!
* * * LOW HITPOINT WARNING * * *
You block the goblin's attack.
You closely miss Robin.
Robin is almost dead.
The goblin hits you but does no damage. The goblin closely misses you.
You block the hobgoblin's attack.
Robin roars a battlecry!
The goblins go into a battle-frenzy!
You block the goblin's attack.
You claw Robin!
You kill Robin!
The hobgoblin no longer looks unusually strong. x2
The goblin no longer looks unusually strong.
The goblin hits you but does no damage. The goblin hits you with a +0 club.
* * * LOW HITPOINT WARNING * * *
You block the hobgoblin's attack. The goblin barely misses you.
The hobgoblin hits you.
* * * LOW HITPOINT WARNING * * *
The goblin hits you but does no damage.
Your Fighting skill increases to level 3!
You closely miss the hobgoblin. The goblin hits you with a +0 dagger.
* * * LOW HITPOINT WARNING * * *
The goblin barely misses you. You block the hobgoblin's attack.
The goblin barely misses you. The goblin hits you but does no damage.
The hobgoblin hits you but does no damage.
You block the hobgoblin's attack. The goblin attacks as you move away!
The goblin barely misses you. You block the hobgoblin's attack.
The hobgoblin barely misses you.
Items here: ! $ ) [[ †.
The hobgoblin attacks as you move away! The hobgoblin hits you.
* * * LOW HITPOINT WARNING * * *
The goblin attacks as you move away! You block the goblin's attack.
It was a potion of attraction.
You feel attractive to monsters. You block the goblin's attack.
You block the hobgoblin's attack. The hobgoblin hits you.
You die...

.............#
...............#
..............# .
..............#
..##............#
................#
.........)).....#
........g.......#
#.....@gg......####
#....ggg)..........#
#......g............
+..................#
#..................#
#..................#
#..................#
#..................####
########+###...........


You could see 3 hobgoblins and 4 goblins.

Vanquished Creatures
  Robin (D:3)
  3 adder skeletons (D:2)
  3 worms (D:2)
  3 dart slugs
  5 bats
  7 endoplasms
  2 giant cockroaches
  6 goblins
  3 hobgoblins (D:1)
  6 jackals
  3 kobolds
  4 quokkas
  8 ball pythons
  3 ball python skeletons (D:2)
  3 ball python zombies (D:2)
  4 frilled lizards
  A jackal zombie (D:2)
  A quokka skeleton (D:2)
  A quokka zombie (D:2)
  4 rats
71 creatures vanquished.

Vanquished Creatures (others)
  2 withered plants (D:2)
2 creatures vanquished.

Grand Total: 73 creatures vanquished

Notes
Turn   | Place    | Note
-------+----------+-------------------------------------------
     0 | D:1      | drewk1942 the Troll Fighter began the quest for the Orb.
     0 | D:1      | Reached XP level 1. HP: 22/22 MP: 0/0
     8 | D:1      | Found Goluew's Armour Shoppe.
   154 | D:1      | Reached XP level 2. HP: 29/29 MP: 1/1
   227 | D:1      | Found Lomemujo's Weapon Emporium.
   297 | D:1      | Found Usyefase's Distillery.
   337 | D:1      | Found Womnumi's Weapon Emporium.
   375 | D:1      | Found Fasocker's Jewellery Emporium.
   518 | D:1      | Reached XP level 3. HP: 35/36 MP: 2/2
  1029 | D:2      | Reached XP level 4. HP: 40/44 MP: 3/3
  1172 | D:2      | Identified the +6 leather armour "Agugh" {Slay+5}
  1515 | D:3      | Noticed Robin
  1530 | D:3      | Killed Robin
  1534 | D:3      | Slain by a hobgoblin

Illustrated notes

Levels and vault maps discovered:
D:1:      ebering_trefoil_3fold, layout_loops_ring, serial_shops, shop,
          nicolae_shop_waterfront, nicolae_shop_crystal,
          nicolae_shop_bloodbath_and_beyond, shop
D:2:      layout_rooms, serial_undead, serial_undead_c, serial_undead_b,
          serial_undead_e, serial_undead_a, serial_undead_b, serial_undead_b,
          serial_undead_d, serial_undead_b
D:3:      layout_basic, serial_shops, shop, dilly_ecumenical_altar_fadedgnrine,
          uniq_robin

Skill      XL: |  1  2  3  4 |
---------------+-------------+-----
Shields        | 3 |  3.2
Unarmed Combat | 3 |  3.4
Fighting       | 3 |  3.0
Dodging        | |  2.9

Action                     |  1- 3 |  4- 6 || total
---------------------------+-------+-------++-------
  Melee: Unarmed           |   140 |    57 ||   197
    Use: Potion            |       |     2 ||     2
 Armour: Robe              |    53 |    30 ||    83
  Dodge: Dodged            |    59 |    35 ||    94
  Block: Kite shield       |    64 |    40 ||   104

Table legend: (Time is in decaauts)
 A = Elapsed time spent in this place.
 B = Non-inter-level travel time spent in this place.
 C = Inter-level travel time spent in this place.
 D = Time resting spent in this place.
 E = Time spent auto-exploring this place.
 F = Levels seen in this place.
 G = Mean time per level.
                   A        B        C        D        E       F      G
               +--------+--------+--------+--------+--------+-----+--------+
         Total |   1548 |   1450 |     98 |      0 |   1032 |   3 |  516.0 |
       Dungeon |   1548 |   1450 |     98 |      0 |   1032 |   3 |  516.0 |
               +--------+--------+--------+--------+--------+-----+--------+

Top non-repeatable levels by time:
     D:1: 851 daAuts
     D:2: 488 daAuts
     D:3: 209 daAuts
